 Dungeon Crawl Stone Soup version 0.32-a0-616-g9348d4545b (webtiles) character file.

Game seed: 10396942974091958285

48870 LilYaldabaoth01 the Black Sun (level 14, -11/181 HPs)
             Began as a Mountain Dwarf Necromancer on Mar 6, 2024.
             Was a High Priest of Kikubaaqudgha.
             Mangled by Frances
             ... wielding a +0 scimitar
              (15 damage)
             ... on level 13 of the Dungeon.
             The game lasted 01:21:49 (22191 turns).

LilYaldabaoth01 the Black Sun (MDNe)               Turns: 22191, Time: 01:21:49

Health: -11/181    AC: 27    Str: 13    XL:     14   Next: 13%
Magic:  6/28       EV:  2    Int: 19    God:    Kikubaaqudgha [*****.]
Gold:   628        SH: 10    Dex: 10    Spells: 12/33 levels left

rFire   + . .        d - +0 demon whip (venom)
rCold   . . .        j - +0 kite shield
rNeg    . . .        y - melded +2 swamp dragon scales
rPois   +            N - melded +1 helmet {SInv}
rElec   .            s - melded +2 ratskin cloak {*Rats rPois rN+ Str-1 Int-1 Dex+1}
rCorr   .            E - melded +1 pair of gloves of Orthodoxy {Will+ Str+4}
SInv    .            F - melded +0 pair of boots
Will    ++...        (no amulet)
Stlth   ++           v - ring of willpower
HPRegen 0.50/turn    z - ring of protection from fire
MPRegen 0.21/turn

%: no passive effects
@: tree-form, fugue, animating dead
A: stationary, stasis, torment immunity, boosted hp, runic magic, artefact
enchanting
a: Renounce Religion, Unearth Wretches, Torment


You were on level 13 of the Dungeon.
You worshipped Kikubaaqudgha.
Kikubaaqudgha was extremely pleased with you.
You were a tree.
You visited 3 branches of the dungeon, and saw 19 of its levels.

You collected 1460 gold pieces.
You spent 832 gold pieces at shops.

Inventory:

Hand Weapons
 d - a +0 demon whip of venom (weapon)
 U - a +2 eveningstar of holy wrath
Armour
 j - a +0 kite shield (worn)
 o - the +4 plate armour of the Snail {Dex+2}
   (You found it on level 6 of the Dungeon)

   Dex+2:     It affects your dexterity (+2).
 s - the +2 ratskin cloak (melded) {*Rats rPois rN+ Str-1 Int-1 Dex+1}
   (You found it on level 3 of the Dungeon)

   *Rats:     When the wearer is hurt, rats may emerge from it to assist them.
   Str-1:     It affects your strength (-1).
   Int-1:     It affects your intelligence (-1).
   Dex+1:     It affects your dexterity (+1).
   rPois:     It protects you from poison.
   rN+:       It protects you from negative energy.
 y - +2 swamp dragon scales (melded)
 E - the +1 pair of gloves of Orthodoxy (melded) {Will+ Str+4}
   (You found it on level 8 of the Dungeon)

   Str+4:     It affects your strength (+4).
   Will+:     It increases your willpower.
 F - a +0 pair of boots (melded)
 N - a +1 helmet of see invisible (melded)
Jewellery
 g - an amulet of reflection
 v - a ring of willpower (left branch)
 z - a ring of protection from fire (right branch)
 B - a ring of willpower
 I - a ring of protection from cold
 K - an amulet of regeneration
 L - a ring of positive energy
 Q - a ring of poison resistance
Wands
 l - a wand of flame (53)
 t - a wand of mindburst (13)
 w - a wand of polymorph (2)
 D - a wand of charming (8)
Scrolls
 a - 3 scrolls of blinking
 c - 2 scrolls of immolation
 h - a scroll of amnesia
 k - 3 scrolls of enchant weapon
 n - a scroll of torment
 q - 2 scrolls of fear
 r - a scroll of poison
 x - 3 scrolls of teleportation
 C - 5 scrolls of fog
 J - 3 scrolls of vulnerability
 M - 2 scrolls of revelation
 S - a scroll of silence
 T - 2 scrolls of enchant armour
Potions
 b - 4 potions of magic
 e - a potion of cancellation
 i - 2 potions of berserk rage
 p - 4 potions of haste
 u - 3 potions of enlightenment
 A - 2 potions of attraction
 G - 6 potions of brilliance
 H - a potion of mutation
 P - 9 potions of ambrosia


   Skills:
 - Level 10.0 Fighting
 - Level 12.0 Maces & Flails
 - Level 10.0 Armour
 - Level 1.3 Dodging
 - Level 1.4 Stealth
 + Level 10.0 Shields
 - Level 10.0 Spellcasting
 - Level 12.0 Necromancy
 - Level 8.0 Earth Magic


You had 12 spell levels left.
You knew the following spells:

 Your Spells              Type           Power      Damage    Failure   Level
a - Necrotise             Necr           100%       1d9       1%          1
b - Kiss of Death         Conj/Necr      100%       2d13      1%          1
c - Vampiric Draining     Necr           53%        2d9       1%          3
d - Animate Dead          Necr           53%        N/A       1%          4
e - Dispel Undead         Necr           53%        3d19      1%          4
f - Fugue of the Fallen   Necr           53%        N/A       1%          3
g - Borgnjor's Vile Clut  Necr/Erth      23%        N/A       9%          5

Your spell library contained the following spells:

 Spells                   Type           Power      Damage    Failure   Level
 Sublimation of Blood     Necr           53%        N/A       1%          2
 Curse of Agony           Necr           53%        N/A       3%          5
 Cigotuvi's Dreadful Rot  Necr/Alch/Air  48%        N/A       5%          2
 Anguish                  Hex/Necr       16%        N/A       16%         4
 Martyr's Knell           Necr/Summ      32%        N/A       16%         4
 Apportation              Tloc           18%        N/A       19%         1
 Shock                    Conj/Air       36%        1d5       19%         1
 Sting                    Conj/Alch      36%        1d5       19%         1
 Summon Small Mammal      Summ           36%        N/A       19%         1
 Death Channel            Necr           26%        N/A       21%         6
 Call Imp                 Summ           18%        N/A       26%         2
 Scorch                   Fire           18%        2d5       26%         2
 Confusing Touch          Hex            9%         N/A       47%         3
 Hailstorm                Conj/Ice       9%         3d6       47%         3
 Inner Flame              Hex/Fire       9%         N/A       47%         3
 Ozocubu's Armour         Ice            9%         N/A       47%         3
 Summon Ice Beast         Ice/Summ       9%         N/A       47%         3
 Swiftness                Air            9%         N/A       47%         3
 Airstrike                Air            4%         2d(1-17)  87%         4
 Flame Wave               Conj/Fire      9%         2d6       87%         4
 Manifold Assault         Tloc           9%         N/A       87%         4
 Sticky Flame             Fire/Alch      9%         2d5       87%         4
 Vhi's Electric Charge    Tloc/Air       18%        N/A       87%         4
 Arcjolt                  Conj/Air       4%         1d14      99%         5
 Sculpt Simulacrum        Ice/Alch       4%         N/A       100%        6
 Summon Cactus Giant      Summ           4%         N/A       100%        6
 Summon Hydra             Summ           4%         N/A       100%        7
 Maxwell's Capacitive Co  Air            4%         ∞         100%        8


Dungeon Overview and Level Annotations

Branches:
Dungeon (14/15) Temple (1/1) D:5 Lair (4/5) D:11 Shoals (0/4) Lair:3 Snake (0/4) Lair:2 Orc (0/2) D:11 Vaults (0/5) D:12 D:13 Slime: Lair:4-5

Altars:
Ashenzari
Cheibriados
Dithmenos
Elyvilon
Fedhas
Gozag
Hepliaklqana
Kikubaaqudgha
Makhleb
Nemelex Xobeh
Okawaru
Qazlal
Ru
Sif Muna
Trog
Uskayaw
Vehumet
Wu Jian
Xom
Yredelemnul
Zin
The Shining One
Jiyva

Shops:
D:11 ?*

Annotations:
D:2 1 runed translucent door, Crazy Yiuf
D:7 Jeremiah
D:13 Frances
Lair:4 2 transporters, exclusion: oklob plant


Innate Abilities, Weirdness & Mutations

You are a tree.
Your roots penetrate the ground, keeping you stationary.
You cannot be teleported.
You are immune to unholy pain and torment.
Your maximum health is greatly increased.
Your equipment is partially melded.
Your spellcasting is much less encumbered by armour.
You can use scrolls of enchantment on lesser artefacts.


Message History

You feel better.
The wailing of tortured souls fills the air!
The zombie hands constrict Frances.
You block the ufetubus's attack. x2
The ufetubus hits you but does no damage. x2
The ufetubus hits your hell rat.
The ufetubus hits your hell rat but does no damage.
Frances hits you with a +0 scimitar!
* * * LOW HITPOINT WARNING * * *
The hellwing barely misses your hell rat. x2
Your hell rat misses the ufetubus.
The ufetubus hits you but does no damage. x2
You block the ufetubus's attack.
The ufetubus hits you but does no damage.
Your centaur warrior zombie barely misses the ufetubus.
Your centaur warrior zombie kicks the ufetubus.
The ufetubus hits your hell rat.
The ufetubus closely misses your hell rat.
The ufetubus hits you but does no damage. x2
Unknown command.
Okay, then.
Okay, then.
Kikubaaqudgha calls piteous wretches from the earth!
An orc knight comes into view.
The zombie hands constrict Frances!
Frances hits you with a +0 scimitar.
* * * LOW HITPOINT WARNING * * *
The ufetubus hits you but does no damage.
You block the ufetubus's attack. x3; Your hell rat misses the ufetubus.
The ynoxinul gestures.
The ufetubus closely misses your hell rat.
The ufetubus hits your hell rat but does no damage.
The ufetubus hits you but does no damage. x2
Your centaur warrior zombie hits the ufetubus.
Your centaur warrior zombie kicks the ufetubus.
The ufetubus dies!
The ufetubus disappears in a puff of smoke!
The hellwing barely misses your hell rat.
The hellwing hits your hell rat but does no damage.
Frances hits you with a +0 scimitar!
You die...
Kikubaaqudgha rasps: You have failed me!
Welcome... death!

...# ######...........####...##.#
...# #.......####.# #....)..
...#######............####.......
.................................
.........................#.###...
...########....55[.......#.# #.##
...# #...÷.55....##...###.##
...##### #....3@§5..............
.......####...÷5♣rZ...####.####.#
######....#...55o.4...# #.......
####........Y....#########.†
##...............# #..
#...........#.### #..
#.............# #..
############### #.. #.. ###


You could see Frances (fast, very poisoned, clutched), an orc knight
(paralysed), a hellwing (summoned, ally target), a ynoxinul (summoned, ally
target), a dream sheep (paralysed), 8 ufetubi, a friendly hell rat and a
friendly centaur warrior zombie.

Vanquished Creatures
  4 centaur warriors
  2 hydras
  8 boulder beetles
  3 two-headed ogres
  Amaemon (Lair:2)
  A skyshark (Lair:2)
  A fire crab (D:11)
  5 skeletal warriors (D:12)
  A deep elf pyromancer (D:13)
  A cyclops (D:14)
  A manticore (D:13)
  4 elephants (Lair:4)
  A meliai (shapeshifter) (D:13)
  Joseph (D:8)
  A black mamba (Lair:2)
  A merfolk siren (Lair:3)
  A guardian serpent (D:14)
  An orange demon (Lair:2)
  Maggie (D:5)
  A gargoyle (D:11)
  11 cane toads
  2 kobold demonologists
  2 unseen horrors
  A rime drake (Lair:3)
  5 komodo dragons
  2 tengu conjurers (D:14)
  A queen bee (D:11)
  A troll (D:9)
  3 polar bears
  Prince Ribbit (D:7)
  2 shadows
  A vampire (D:9)
  2 wraiths (D:14)
  13 humans
  2 wyverns
  27 yaks
  2 basilisks
  13 vampire mosquitoes
  Edmund (D:6)
  An acid dragon (D:9)
  5 nagas (Lair:2)
  9 water moccasins
  3 swamp worms (D:10)
  3 orc warriors
  A black bear (D:5)
  2 laughing skulls (D:12)
  A sky beast (D:6)
  4 ogres
  8 centaurs
  9 wolves (Lair:2)
  2 phantoms (D:5)
  3 kobold brigands (D:11)
  Blork the orc (D:6)
  A gnoll sergeant (D:9)
  3 scorpions
  15 bullfrogs
  7 wights
  32 killer bees
  2 electric eels
  9 howler monkeys
  6 jellies
  A hound (D:5)
  3 orc priests
  3 gnoll boudas
  2 sleepcaps
  Natasha (twice) (D:2)
  3 iguanas
  Ijyb (D:3)
  5 orc wizards
  5 hell rats (Lair:2)
  Robin (D:2)
  16 gnolls
  4 adders
  5 river rats (Lair:2)
  3 shadow imps
  A white imp (D:5)
  3 ribbon worms (D:2)
  A dart slug (D:2)
  22 orcs
  9 endoplasms
  4 giant cockroaches
  16 goblins
  9 hobgoblins
  3 jackals
  2 quokkas
  8 ball pythons
  3 bats
  4 frilled lizards
  31 kobolds
  5 kobold skeletons (D:11)
  9 kobold zombies (D:11)
  8 rats
451 creatures vanquished.

Vanquished Creatures (collateral kills)
  Fannar (D:10)
  A two-headed ogre (D:5)
  Urug (D:12)
  An ugly thing (D:11)
  A cane toad (Lair:2)
  A wyvern (Lair:3)
  8 yaks
  A wraith (D:10)
  Eustachio (D:6)
  3 humans (D:12)
  A bullfrog (D:9)
  A gnoll sergeant (D:10)
  10 killer bees
  A gnoll bouda (D:7)
  An orc priest (D:9)
  Natasha (D:2)
  9 gnolls
  An orc (D:4)
  A jackal (D:4)
  A ball python (D:3)
  A bat (D:2)
  A kobold skeleton (D:11)
  A rat (D:2)
49 creatures vanquished.

Vanquished Creatures (others)
  A two-headed ogre (D:9)
  A harpy (shapeshifter) (D:14)
  A deep elf pyromancer (D:9)
  A cane toad (Lair:3)
  A two-headed ogre zombie (D:9)
  An ice beast (D:13)
  6 yak zombies
  2 killer bees (D:11)
  A bullfrog zombie (D:9)
  A human zombie (D:12)
  An acid dragon zombie (D:9)
  7 killer bee zombies
  11 gnoll zombies
  2 kobolds (D:11)
  A goblin zombie (D:9)
  2 kobold skeletons (D:11)
  A kobold zombie (D:11)
41 creatures vanquished.

Grand Total: 541 creatures vanquished

Notes
Turn   | Place    | Note
-------+----------+-------------------------------------------
     0 | D:1      | LilYaldabaoth01 the Mountain Dwarf Necromancer began the
                  | quest for the Orb.
     0 | D:1      | Reached XP level 1. HP: 14/14 MP: 3/3
   644 | D:1      | Reached XP level 2. HP: 20/20 MP: 0/5
  1010 | D:2      | Noticed Natasha
  1018 | D:2      | Killed Natasha
  1019 | D:2      | Reached XP level 3. HP: 14/26 MP: 0/7
  1067 | D:2      | Noticed Natasha
  1111 | D:2      | Learned a level 1 spell: Kiss of Death
  1157 | D:2      | Killed Natasha
  1158 | D:2      | Reached XP level 4. HP: 15/31 MP: 3/9
  1196 | D:2      | Noticed Natasha
  1223 | D:2      | Killed Natasha
  1539 | D:2      | Identified the +6 short sword "Yffemounisu" {spect, rElec
                  | rF+ rC+}
  1569 | D:2      | Noticed Robin
  1586 | D:2      | Killed Robin
  1611 | D:2      | Reached skill level 5 in Necromancy
  1848 | D:2      | Reached XP level 5. HP: 28/30 MP: 4/11
  1948 | D:2      | Found a faded altar of an unknown god.
  2079 | D:2      | Found a runed translucent door.
  2080 | D:2      | Noticed Crazy Yiuf
  2524 | D:3      | Found the +2 ratskin cloak {*Rats rPois rN+ Str-1 Int-1
                  | Dex+1}
  2935 | D:3      | Got the Compendium of Open Graves
  3183 | D:3      | Noticed Ijyb
  3244 | D:3      | Killed Ijyb
  3711 | D:4      | Noticed an ogre
  3720 | D:4      | Killed an ogre
  3721 | D:4      | Reached XP level 6. HP: 30/45 MP: 9/12
  4314 | D:4      | Learned a level 3 spell: Vampiric Draining
  4321 | D:4      | Learned a level 4 spell: Animate Dead
  4373 | D:4      | Reached XP level 7. HP: 50/50 MP: 10/13
  4521 | D:5      | Entered Level 5 of the Dungeon
  5155 | D:5      | Reached skill level 10 in Necromancy
  5155 | D:5      | Reached skill level 1 in Armour
  5155 | D:5      | Reached XP level 8. HP: 57/57 MP: 7/14
  5281 | D:5      | Found a staircase to the Ecumenical Temple.
  5352 | Temple   | Entered the Ecumenical Temple
  5356 | Temple   | Became a worshipper of Kikubaaqudgha
  5367 | D:5      | Learned a level 4 spell: Dispel Undead
  5734 | D:5      | Noticed a two-headed ogre
  5737 | D:5      | Killed a two-headed ogre
  6093 | D:6      | Noticed Blork the orc
  6104 | D:6      | Killed Blork the orc
  6105 | D:6      | Reached XP level 9. HP: 69/73 MP: 10/15
  6117 | D:6      | Reached skill level 5 in Fighting
  6171 | D:6      | Noticed Eustachio
  6188 | D:6      | Killed Eustachio
  6372 | D:6      | Noticed Maggie
  6394 | D:5      | Killed Maggie
  6560 | D:6      | Identified the +4 plate armour of the Snail {Dex+2}
  6570 | D:6      | Noticed Edmund
  6581 | D:6      | Killed Edmund
  6974 | D:7      | Noticed a troll
  7004 | D:7      | Noticed Prince Ribbit
  7017 | D:7      | Killed Prince Ribbit
  7286 | D:7      | Reached * piety under Kikubaaqudgha
  7286 | D:7      | Received a gift from Kikubaaqudgha
  7368 | D:7      | Identified the +4 ring mail of Lorechiblo {Rampage Slay+2
                  | SInv}
  7507 | D:7      | Noticed Jeremiah
  7720 | D:8      | Reached skill level 10 in Fighting
  7860 | D:8      | Noticed Joseph
  7882 | D:8      | Killed Joseph
  7883 | D:8      | Reached skill level 5 in Spellcasting
  7883 | D:8      | Reached XP level 10. HP: 59/93 MP: 15/17
  8398 | D:8      | Identified the +0 pair of gloves of Orthodoxy {Will+ Str+4}
  8730 | D:7      | Reached ** piety under Kikubaaqudgha
  9384 | D:9      | Noticed a two-headed ogre
  9738 | D:9      | Reached XP level 11. HP: 55/99 MP: 12/20
 10015 | D:9      | Learned a level 3 spell: Fugue of the Fallen
 10351 | D:10     | Entered Level 10 of the Dungeon
 10351 | D:10     | Noticed Fannar
 10477 | D:10     | Found a stormy altar of Qazlal.
 10480 | D:10     | Found a hazy altar of Hepliaklqana.
 10484 | D:10     | Found a glowing golden altar of the Shining One.
 10486 | D:10     | Found a snail-covered altar of Cheibriados.
 10487 | D:10     | Found a shimmering blue altar of Sif Muna.
 10489 | D:10     | Found a burning altar of Makhleb.
 10493 | D:10     | Found a shimmering altar of Xom.
 10810 | D:10     | Noticed a two-headed ogre
 10817 | D:10     | Killed a two-headed ogre
 10818 | D:10     | Reached skill level 10 in Armour
 11183 | D:10     | Reached *** piety under Kikubaaqudgha
 11183 | D:10     | Received a gift from Kikubaaqudgha
 11220 | D:10     | Killed Fannar
 11933 | D:11     | Noticed a white ugly thing
 12016 | D:11     | Noticed a two-headed ogre
 12025 | D:11     | Found a staircase to the Lair.
 12560 | D:11     | Killed a two-headed ogre
 12602 | D:11     | Noticed a fire crab
 12618 | D:11     | Found an ancient bone altar of Kikubaaqudgha.
 12619 | D:11     | Noticed a sun demon
 12684 | D:11     | Noticed a boulder beetle
 12722 | D:11     | Reached **** piety under Kikubaaqudgha
 12951 | Lair:1   | Entered Level 1 of the Lair of Beasts
 13326 | Lair:1   | Reached XP level 12. HP: 81/106 MP: 12/25
 13493 | Lair:1   | Learned a level 5 spell: Borgnjor's Vile Clutch
 13971 | Lair:1   | Reached skill level 10 in Spellcasting
 13971 | Lair:1   | Reached skill level 1 in Earth Magic
 14278 | Lair:2   | Noticed Amaemon
 14309 | Lair:2   | Killed Amaemon
 14469 | Lair:2   | Reached skill level 5 in Earth Magic
 14947 | Lair:2   | You fall into a shaft and drop 1 floor!
 15119 | Lair:3   | Reached skill level 1 in Maces & Flails
 15411 | Lair:2   | Found a staircase to the Snake Pit.
 15536 | Lair:2   | Reached skill level 5 in Maces & Flails
 17184 | Lair:3   | Found a staircase to the Shoals.
 17500 | Lair:4   | Noticed a five-headed hydra
 17512 | Lair:4   | Killed a five-headed hydra
 17513 | Lair:4   | Reached XP level 13. HP: 103/113 MP: 0/27
 17877 | Lair:4   | Found a transporter.
 17878 | Lair:4   | Found a transporter.
 18050 | Lair:4   | Reached ***** piety under Kikubaaqudgha
 18085 | Lair:4   | Found a viscous altar of Jiyva.
 18433 | D:11     | Found Pulageli's Demolitions Depot.
 18671 | D:11     | Found Yckuextu's Magic Scroll Emporium.
 18674 | D:11     | Bought a scroll of acquirement for 832 gold pieces
 18674 | D:11     | Acquired a +1 helmet of see invisible
 18741 | D:11     | Found a staircase to the Orcish Mines.
 18762 | D:11     | Reached skill level 10 in Maces & Flails
 19503 | D:12     | Identified the +1 robe of the Candlemaker {rPois rC+ Str+2}
 19690 | D:12     | Reached skill level 1 in Shields
 20153 | D:13     | Noticed Urug
 20153 | D:13     | Found a gate to the Vaults.
 20199 | D:12     | Reached skill level 5 in Shields
 20327 | D:12     | Killed Urug
 21526 | D:14     | Reached XP level 14. HP: 120/121 MP: 28/28
 21935 | D:14     | Noticed Frances
 21938 | D:14     | HP: 5/121 [centaur/arrow[a centaur warrior] (4)]
 22185 | D:13     | Reached skill level 10 in Shields
 22189 | D:13     | HP: 2/181 [Frances/+0 scimitar (21)]
 22191 | D:13     | Mangled by Frances

Illustrated notes

Levels and vault maps discovered:
D:1:      elethiomel_arrival_infinity_welcomes_careful_drivers,
          layout_loops_ring, hex_medium, moated_statue
D:2:      layout_rooms, basic_ecumenical_altar, uniq_robin, uniq_natasha,
          uniq_crazy_yiuf_cottage
D:3:      layout_basic, uniq_ijyb
D:4:      layout_loops_ring
D:5:      layout_loops_cross, minmay_temple_entry_hall,
          chequers_decorated_corner, chequers_serial_rivers_small_a,
          nicolae_the_louvre
D:6:      layout_rooms, uniq_edmund, uniq_maggie, uniq_blork_the_orc,
          uniq_eustachio
D:7:      layout_basic, nicolae_fountain_basement, uniq_jeremiah,
          uniq_prince_ribbit1
D:8:      layout_gridville, hangedman_abyss_or_decor_stabs, uniq_joseph
D:9:      layout_cave_pools
D:10:     layout_roguey, nicolae_overflow_hallway_of_the_gods,
          serial_corexii_hall, corexii_hall_statues_deadend,
          corexii_hall_statues_u, chequers_hall_statues_y,
          corexii_hall_statues_t, worms_lemuel, uniq_fannar
D:11:     wander_kiku_kobolds, layout_basic, minmay_lair_entry_lava,
          orc_0_dummy, serial_shops, nicolae_shop_trees, special_room
          [special_room_bee], nicolae_blasting_shop
D:12:     layout_rooms
D:13:     layout_rooms, david_vaults_3, kennysheep_small_spiral
D:14:     nrook_guardian_serpent_snake_passage, layout_long_grid,
          kennysheep_path_1, minmay_fractal_squares_diagonal_5, uniq_frances,
          uniq_lodul, uniq_josephine
Temple:   hellmonk_temple_two_chambers
Lair:1:   layout_regular_city, grunt_megastairs_1, infiniplex_staircase_pool
Lair:2:   layout_cave_pods, minmay_snake_entry_guardpost_large,
          kennysheep_abandoned_house, grunt_megastairs_3, uniq_amaemon,
          uniq_urug
Lair:3:   layout_chaotic_city, elwin_shoals_entry_rooms, grunt_megastairs_2,
          lemuel_fruit_tree
Lair:4:   gammafunk_boulding_lane, layout_hall_layers,
          minmay_slime_entry_oklob_enclosed, pond

Skill      XL: |  1  2  3  4  5  6  7  8  9 10 11 12 13 14 |
---------------+-------------------------------------------+-----
Spellcasting   | 2 3 4 5 6 9 10 | 10.0
Necromancy     | 5 6 7 10 12 | 12.0
Armour         | 1 6 8 10 | 10.0
Fighting       | 4 10 | 10.0
Earth Magic    | 8 |  8.0
Maces & Flails | 8 12 | 12.0
Shields        | 8 10 | 10.0
Dodging        | |  1.3
Stealth        | |  1.4

Action                     |  1- 3 |  4- 6 |  7- 9 | 10-12 | 13-15 || total
---------------------------+-------+-------+-------+-------+-------++-------
  Melee: Unarmed           |     2 |    18 |       |       |       ||    20
         Dagger            |    15 |       |       |       |       ||    15
         Short sword       |       |    37 |   150 |   465 |       ||   652
         Demon whip        |       |       |       |   220 |   476 ||   696
         Eveningstar       |       |       |       |       |    76 ||    76
   Cast: Necrotise         |    36 |   125 |    68 |    40 |     8 ||   277
         Kiss of Death     |       |     2 |     1 |     4 |       ||     7
         Vampiric Draining |       |       |    29 |   105 |     9 ||   143
         Dispel Undead     |       |       |    10 |    18 |    27 ||    55
         Animate Dead      |       |       |     1 |     8 |     5 ||    14
         Fugue of the Fall |       |       |       |     9 |     8 ||    17
         Borgnjor's Vile C |       |       |       |    23 |    32 ||    55
 Invoke: Unearth Wretches  |       |       |       |     2 |     2 ||     4
         Torment           |       |       |       |       |     1 ||     1
  Evoke: Wand              |       |     2 |       |     4 |       ||     6
    Use: Scroll            |       |     5 |     3 |    17 |    10 ||    35
         Potion            |       |       |       |     3 |     6 ||     9
   Stab: Sleeping          |     1 |       |       |       |       ||     1
         Distracted        |       |     1 |     2 |     1 |     1 ||     5
         Paralysed         |       |       |       |     3 |     1 ||     4
 Armour: Robe              |    13 |     9 |       |       |       ||    22
         Scale mail        |       |    23 |    93 |       |       ||   116
         Skin              |       |     6 |       |       |    21 ||    27
         Swamp dragon scal |       |       |    47 |   736 |   625 ||  1408
  Dodge: Dodged            |    15 |    26 |    70 |   406 |   355 ||   872
  Block: Other             |       |    11 |    40 |   203 |       ||   254
         Reflection        |       |     1 |     4 |     7 |       ||    12
         Kite shield       |       |       |       |       |   223 ||   223

Table legend: (Time is in decaauts)
 A = Elapsed time spent in this place.
 B = Non-inter-level travel time spent in this place.
 C = Inter-level travel time spent in this place.
 D = Time resting spent in this place.
 E = Time spent auto-exploring this place.
 F = Levels seen in this place.
 G = Mean time per level.
                   A        B        C        D        E       F      G
               +--------+--------+--------+--------+--------+-----+--------+
         Total |  22029 |  21272 |    757 |   3749 |  13387 |  19 | 1159.4 |
       Dungeon |  16770 |  16231 |    539 |   2899 |  10047 |  14 | 1197.9 |
        Temple |      8 |      8 |      0 |      0 |      0 |   1 |    8.0 |
          Lair |   5250 |   5032 |    218 |    850 |   3340 |   4 | 1312.5 |
               +--------+--------+--------+--------+--------+-----+--------+

Top non-repeatable levels by time:
  Lair:2: 2239 daAuts
    D:11: 1847 daAuts
     D:5: 1630 daAuts
    D:10: 1589 daAuts
     D:9: 1418 daAuts
    D:12: 1392 daAuts
     D:2: 1292 daAuts
  Lair:1: 1234 daAuts
     D:8: 1198 daAuts
     D:4: 1177 daAuts
  Lair:3: 1135 daAuts
     D:3: 1115 daAuts
    D:13: 1101 daAuts
     D:1: 972 daAuts
     D:7: 830 daAuts
